 Dungeon Crawl Stone Soup version 0.32-a0-871-ge202e49faa (webtiles) character file.

Game seed: 11919466073157441271

3002 Biggs the Skirmisher (level 9, -15/67 (68) HPs)
             Began as a Coglin Hunter on Mar 29, 2024.
             Was a Believer of Okawaru.
             Demolished by a profane servitor
             ... wielding a +1 vampiric demon whip
              (16 damage)
             ... on level 1 of the Abyss.
             The game lasted 00:16:32 (7436 turns).

Biggs the Skirmisher (Coglin Hunter)                Turns: 7436, Time: 00:16:33

HP:   -15/67 (68)   AC:  9    Str: 12    XL:     9   Next: 84%
MP:   9/9           EV: 16    Int:  8    God:    Okawaru [**....]
Gold: 0             SH:  0    Dex: 22    Spells: 8/8 levels left

rFire   . . .        a - +2 sling (flame) {Kai}
rCold   . . .        d - +0 sling {Ermengarde}
rNeg    . . .        w - +0 steam dragon scales
rPois   .            p - +2 hat
rElec   .            x - +0 cloak
rCorr   .            (no gloves)
SInv    .            y - +0 pair of boots
Will    .....        (amulet unavailable)
Stlth   ++           (ring unavailable)
HPRegen 0.31/turn    (ring unavailable)
MPRegen 0.11/turn    (no gizmo)

%: no passive effects
@: about to teleport, wreathed by umbra, lightly drained
A: off-hand wielding, slow wielding, warmup strikes, no jewellery
a: Invent Gizmo, Renounce Religion, Heroism


You were on level 1 of the Abyss.
You worshipped Okawaru.
Okawaru was pleased with you.
You visited 2 branches of the dungeon, and saw 9 of its levels.
You visited the Abyss 1 time.

You collected 460 gold pieces.
You spent 460 gold pieces at shops.

Inventory:

Hand Weapons
 a - a +2 sling of flaming (weapon) {Kai}
 d - a +0 sling (offhand) {Ermengarde}
Armour
 p - a +2 hat (worn)
 v - a +0 helmet
 w - +0 steam dragon scales (worn)
 x - a +0 cloak (worn)
 y - a +0 pair of boots (worn)
Wands
 c - a wand of flame (15)
 n - a wand of digging (8)
 z - a wand of roots (4)
Scrolls
 b - a scroll of butterflies
 f - 4 scrolls of noise
 g - a scroll of teleportation
 h - 3 scrolls of torment
 i - a scroll of vulnerability
 k - 3 scrolls of blinking
 o - 2 scrolls of enchant armour
 q - 2 scrolls of amnesia
 r - 2 scrolls of revelation
Potions
 e - a potion of mutation {unknown}
 j - 2 potions of curing
 l - a potion of berserk rage {unknown}
 m - 3 potions of lignification {unknown}
 s - a potion of enlightenment {unknown}
 t - 4 potions of attraction {unknown}


   Skills:
 - Level 5.0 Fighting
 + Level 10.1 Ranged Weapons
 - Level 6.9 Dodging
 - Level 0.7 Stealth


You had 8 spell levels left.
You didn't know any spells.
Your spell library contained the following spells:

 Spells                   Type           Power      Damage    Failure   Level
 Magic Dart               Conj           0%         1d3       41%         1
 Necrotise                Necr           0%         1d4       41%         1
 Blink                    Tloc           0%         N/A       54%         2
 Lesser Beckoning         Tloc           0%         N/A       54%         2
 Momentum Strike          Conj/Tloc      0%         3d8       54%         2
 Sigil of Binding         Hex            0%         N/A       78%         3
 Vampiric Draining        Necr           0%         2d6       78%         3
 Cause Fear               Hex            0%         N/A       99%         4
 Curse of Agony           Necr           0%         N/A       100%        5
 Borgnjor's Revivificati  Necr           0%         N/A       100%        8
 Death's Door             Necr           0%         N/A       100%        9
 Call Imp                 Summ           Unusable   N/A       N/A         2
 Summon Ice Beast         Ice/Summ       Unusable   N/A       N/A         3
 Martyr's Knell           Necr/Summ      Unusable   N/A       N/A         4
 Summon Mana Viper        Hex/Summ       Unusable   N/A       N/A         5
 Haunt                    Necr/Summ      Unusable   N/A       N/A         7
 Monstrous Menagerie      Summ           Unusable   N/A       N/A         7

Dungeon Overview and Level Annotations

Branches:
Dungeon (8/15)             Temple (1/1) D:6
   Lair: D:8-11

Altars:
Dithmenos
Elyvilon
Fedhas
Gozag
Hepliaklqana
Kikubaaqudgha
Makhleb
Nemelex Xobeh
Okawaru
Qazlal
Ru
Sif Muna
Uskayaw
Vehumet
Xom
Yredelemnul
Zin
The Shining One

Shops:
D:1 *   D:2 ?

Annotations:
D:7 3 runed translucent doors, Maurice, Prince Ribbit
D:8 Psyche


Innate Abilities, Weirdness & Mutations

You can wield a second weapon in your off-hand.
It takes a long time for you to wield or remove held weapons.
Your first few attacks do less damage.
You cannot equip rings or amulets.


Message History

The orc shouts!
Something hits you but does no damage. Space warps around you.
Something hits you.
You are cast into the Abyss!
This branch contains the abyssal rune of Zot.
Reactivating autopickup.
You are suddenly pulled into a different region of the Abyss!
You enter the shallow water.
Moving in this stuff is going to be slow.
You enter the shallow water.
Moving in this stuff is going to be slow.
You enter the shallow water.
Moving in this stuff is going to be slow.
An iron imp comes into view.
A profane servitor comes into view.
It is wielding a +1 vampiric demon whip.
As you read the scroll of teleportation, it crumbles to dust.
You feel strangely unstable.
You feel the power of the Abyss delaying your translocation!
The profane servitor hits you but does no damage.
The profane servitor barely misses you.
The profane servitor attacks as it pursues you!
The profane servitor hits you with a +1 vampiric demon whip!!
The profane servitor draws strength from your injuries!
The profane servitor misses you.
The profane servitor attacks as it pursues you!
The profane servitor misses you.
The profane servitor hits you with a +1 vampiric demon whip.
You feel drained.
The profane servitor hits you with a +1 vampiric demon whip!
The profane servitor draws strength from your injuries!
The profane servitor hits you with a +1 vampiric demon whip!
* * * LOW HITPOINT WARNING * * *
The profane servitor attacks as it pursues you!
The profane servitor barely misses you. The profane servitor misses you.
The profane servitor attacks as it pursues you!
The profane servitor hits you with a +1 vampiric demon whip!
* * * LOW HITPOINT WARNING * * *
The profane servitor draws strength from your injuries!
The profane servitor hits you with a +1 vampiric demon whip!
You die...

###. #...###
.# #
##.....5.. .
#..#.# #.##.#
##.##.# #
##...#.#
#.##.#.#..#
#..@A....#..
..#
####.#.#......
.
##.......##...
##.####.# ##
### .# .# .#


You could see a profane servitor.

Vanquished Creatures
  Joseph (D:7)
  Maggie (D:8)
  Duvessa (D:7)
  2 water moccasins
  2 ogres
  2 centaurs
  3 weeping skulls (D:4)
  A phantom (D:6)
  A kobold brigand (D:8)
  A bullfrog (D:7)
  5 wights
  Dowan (D:7)
  A centaur zombie (D:4)
  3 hounds
  A quasit (D:5)
  A human zombie (D:4)
  A bombardier beetle (D:5)
  A gnoll bouda (D:6)
  2 orc priests
  Crazy Yiuf (D:3)
  2 jellies (D:6)
  2 iguanas
  8 orc wizards
  2 scorpion zombies (D:4)
  A mummy (D:4)
  A howler monkey zombie (D:4)
  Robin (D:3)
  5 gnolls (D:6)
  8 adders
  4 shadow imps
  6 white imps
  2 ufetubi (D:5)
  An adder zombie (D:4)
  A dart slug (D:2)
  A ribbon worm (D:2)
  19 orcs
  11 ball pythons
  4 bats
  10 endoplasms
  3 giant cockroaches
  13 goblins
  10 hobgoblins
  10 jackals (D:2)
  5 kobolds
  5 quokkas
  3 frilled lizards (D:3)
  A quokka zombie (D:4)
  4 rats
175 creatures vanquished.

Notes
Turn   | Place    | Note
-------+----------+-------------------------------------------
     0 | D:1      | Biggs the Coglin Hunter began the quest for the Orb.
     0 | D:1      | Reached XP level 1. HP: 16/16 MP: 1/1
    44 | D:1      | Found Fopag's Assorted Antiques.
   200 | D:1      | Reached skill level 4 in Ranged Weapons
   200 | D:1      | Reached XP level 2. HP: 22/22 MP: 2/2
   378 | D:1      | Bought a scroll labelled UKHYOG TEIHENE for 23 gold pieces
   378 | D:1      | Bought a scroll labelled BIMUWN ATTIN for 23 gold pieces
   450 | D:1      | Found a faded altar of an unknown god.
   510 | D:1      | Reached XP level 3. HP: 26/27 MP: 3/3
   547 | D:1      | Got the Quarto of Ill Luck
   753 | D:2      | Found a hide-covered altar of Uskayaw.
  1032 | D:2      | Reached skill level 5 in Ranged Weapons
  1032 | D:2      | Reached XP level 4. HP: 33/33 MP: 4/4
  1228 | D:2      | Found Dada's Magic Scroll Boutique.
  1232 | D:2      | Bought a scroll of identify for 24 gold pieces
  1232 | D:2      | Bought a scroll of identify for 24 gold pieces
  1726 | D:3      | You fall into a shaft and drop 1 floor!
  1884 | D:4      | Reached XP level 5. HP: 38/38 MP: 5/5
  1936 | D:4      | Reached skill level 6 in Ranged Weapons
  2099 | D:4      | Reached XP level 6. HP: 32/44 MP: 6/6
  2347 | D:4      | Reached skill level 7 in Ranged Weapons
  2379 | D:4      | Reached XP level 7. HP: 39/50 MP: 7/7
  2435 | D:4      | Found a basalt altar of Yredelemnul.
  2453 | D:4      | Reached skill level 8 in Ranged Weapons
  2674 | D:5      | Entered Level 5 of the Dungeon
  3175 | D:5      | Reached XP level 8. HP: 26/56 MP: 8/8
  3317 | D:5      | Reached skill level 9 in Ranged Weapons
  3860 | D:6      | Found a blossoming altar of Fedhas.
  4110 | D:6      | Found a sacrificial altar of Ru.
  4372 | D:2      | Bought a scroll of brand weapon for 114 gold pieces
  4372 | D:2      | Bought a scroll of blinking for 90 gold pieces
  4372 | D:2      | Bought a scroll of enchant armour for 90 gold pieces
  4468 | D:3      | Noticed Robin
  4474 | D:3      | Killed Robin
  4661 | D:3      | Found a runed translucent door.
  4662 | D:3      | Noticed Crazy Yiuf
  4674 | D:3      | Killed Crazy Yiuf
  5033 | D:6      | Found a staircase to the Ecumenical Temple.
  5220 | D:2      | Bought a scroll of teleportation for 36 gold pieces
  5220 | D:2      | Bought a scroll of teleportation for 36 gold pieces
  5462 | Temple   | Entered the Ecumenical Temple
  5480 | Temple   | Became a worshipper of Warmaster Okawaru
  5536 | D:7      | Noticed Joseph
  5537 | D:7      | Noticed Prince Ribbit
  5735 | D:7      | Found a runed translucent gate.
  5735 | D:7      | Noticed a yak
  5742 | D:7      | Noticed a dream sheep
  5742 | D:7      | Noticed a wyvern
  5742 | D:7      | Noticed a death yak
  5742 | D:7      | Noticed a polar bear
  5743 | D:7      | Found a runed translucent gate.
  5743 | D:7      | Found a runed translucent gate.
  5744 | D:7      | Noticed a dream sheep
  5744 | D:7      | Noticed Dowan
  6002 | D:7      | Killed Joseph
  6002 | D:7      | Reached * piety under Okawaru
  6003 | D:7      | Reached skill level 5 in Dodging
  6003 | D:7      | Reached XP level 9. HP: 17/61 MP: 4/9
  6434 | D:7      | Noticed Duvessa
  6443 | D:7      | Killed Dowan
  6448 | D:7      | Killed Duvessa
  6560 | D:7      | Noticed Maurice
  6576 | D:7      | Something stole 54 gold
  7213 | D:8      | Identified the +1 spear "Segajiop" {freeze, *Noise Str+6}
  7244 | D:8      | Noticed Maggie
  7257 | D:8      | Killed Maggie
  7258 | D:8      | Reached skill level 5 in Fighting
  7316 | D:8      | Noticed a two-headed ogre
  7317 | D:8      | Reached ** piety under Okawaru
  7318 | D:8      | Reached skill level 10 in Ranged Weapons
  7350 | D:8      | Noticed Psyche
  7354 | Abyss:1  | Cast into level 1 of the Abyss (Psyche)
  7428 | Abyss:1  | Noticed a profane servitor
  7436 | Abyss:1  | HP: 1/67 [profane servitor/+1 vampiric demon whip (8)]
  7436 | Abyss:1  | Demolished by a profane servitor

Illustrated notes

Levels and vault maps discovered:
D:1:      dpeg_arrival_rhombus, layout_loops_cross, serial_shops,
          nicolae_square_shop, ebering_ecumenical_altar_abandoned,
          minmay_octomino_e4
D:2:      layout_basic, basic_altar, serial_shops, shop
D:3:      layout_basic, kennysheep_generic_room_3, uniq_robin,
          uniq_crazy_yiuf_cottage
D:4:      cheibrodos_pilgrimage, layout_loops_ring,
          lemuel_mausoleum_altar_yredelemnul
D:5:      layout_loops_ring, serial_demonic, serial_demonic_g, serial_demonic_d,
          serial_demonic_d, serial_demonic_d, serial_demonic_e,
          serial_demonic_d, saegor_snake_ambush
D:6:      layout_rooms, general_overflow_altar, fedhas_ov_isle_minmay,
          minmay_temple_entry_antechambers
D:7:      lemuel_bear_cage, layout_basic, worms_lemuel, uniq_prince_ribbit1,
          uniq_duvessa, uniq_maurice, uniq_joseph
D:8:      layout_gridville, evilmike_ruin_ashenzari, lemuel_tele_altar,
          hangedman_decor_opposing, uniq_psyche, uniq_maggie
Temple:   hellmonk_temple_of_storms
Abyss:1:  base: D:4, gammafunk_corrupted_shrine

Skill      XL: |  1  2  3  4  5  6  7  8  9 |
---------------+----------------------------+-----
Ranged Weapons | 4 5 6 7 8 9 10 | 10.1
Dodging        | 5 6 |  6.9
Fighting       | 5 |  5.0
Stealth        | |  0.7

Action                     |  1- 3 |  4- 6 |  7- 9 || total
---------------------------+-------+-------+-------++-------
   Fire: Sling             |   158 |   206 |   768 ||  1132
  Evoke: Wand              |       |       |     3 ||     3
    Use: Scroll            |       |     3 |    11 ||    14
         Potion            |       |       |     3 ||     3
 Armour: Leather armour    |     8 |     3 |       ||    11
         Ring mail         |       |    28 |   146 ||   174
         Steam dragon scal |       |       |    14 ||    14
  Dodge: Dodged            |     7 |    18 |   107 ||   132

Table legend: (Time is in decaauts)
 A = Elapsed time spent in this place.
 B = Non-inter-level travel time spent in this place.
 C = Inter-level travel time spent in this place.
 D = Time resting spent in this place.
 E = Time spent auto-exploring this place.
 F = Levels seen in this place.
 G = Mean time per level.
                   A        B        C        D        E       F      G
               +--------+--------+--------+--------+--------+-----+--------+
         Total |   7540 |   6749 |    791 |    219 |   5299 |  10 |  754.0 |
       Dungeon |   7420 |   6663 |    757 |    219 |   5299 |   8 |  927.5 |
        Temple |     36 |      2 |     34 |      0 |      0 |   1 |   36.0 |
         Abyss |     83 |     83 |      0 |      0 |      0 |   1 |   83.0 |
               +--------+--------+--------+--------+--------+-----+--------+

Top non-repeatable levels by time:
     D:7: 1414 daAuts
     D:5: 1310 daAuts
     D:6: 1115 daAuts
     D:4: 1060 daAuts
     D:3: 835 daAuts
     D:2: 756 daAuts
     D:1: 741 daAuts
     D:8: 186 daAuts
 Abyss:1: 83 daAuts
  Temple: 36 daAuts
